 Dungeon Crawl Stone Soup version 0.17-a0-1-g1f4be75 (webtiles) character file.

929884 achirane the Wrestler (level 27, -4/194 (291) HPs)
             Began as a Troll Transmuter on Mar 9, 2015.
             Was a High Priest of Okawaru.
             Killed from afar by a Hell Sentinel (38 damage)
             ... with a blast of hellfire
             ... on level 7 of the Iron City of Dis on Mar 12, 2015.
             The game lasted 21:30:12 (111328 turns).

achirane the Wrestler (Troll Transmuter)          Turns: 111328, Time: 21:30:13

HP:   -4/194 (291)  AC: 10    Str: 29    XL:     27
MP:   38/39         EV: 37    Int: 10    God:    Okawaru [*****.]
Gold: 10127         SH: 29    Dex: 18    Spells: 6 memorised, 18 levels left

rFire  . . .     SeeInvis +       - Unarmed
rCold  + + +     Clarity  +     R - +2 robe {rC+ rF+}
rNeg   + + +     SustAb   .     D - +3 large shield of the Jabberwock {rN++ Regen+ Str-4}
rPois  +         Gourm    +     o - +0 mask of the Dragon {MR+ Slay+3 SInv} (curse)
rElec  +         Spirit   .     X - +0 cloak of Starlight {rElec rC+ EV+4 Stlth-} (curse)
rCorr  .         Warding  .     (gloves unavailable)
rMut   .         Stasis   .     (boots unavailable)
MR     +++++                    e - amulet of the Four Winds {Clar rN+ MR+++}
Stlth  ++++++....               W - ring of Gegh {+Fly MP+9 Str+4 Slay+2}
                                m - ring "Vulurha" {Ice rPois Str+3 Stlth+}

@: heroism, very slightly contaminated, hasted, very quick, almost entirely
resistant to hostile enchantments, very stealthy
A: unfitting armour, claws 3, repulsion field 1, clarity, fast metabolism 3,
gourmand, regeneration 2, shaggy fur 2, tough skin 2, forlorn
a: Heroism, Finesse, Renounce Religion, Evoke Flight
}: 7/15 runes: barnacled, slimy, silver, golden, obsidian, icy, gossamer


You were on level 7 of the Iron City of Dis.
You worshipped Okawaru.
Okawaru was extremely pleased with you.
You were very full.

You visited 17 branches of the dungeon, and saw 90 of its levels.
You visited the Abyss 1 time.
You also visited: Wizlab.

You collected 14506 gold pieces.
You spent 4379 gold pieces at shops.

Inventory:

Missiles
 Q - 137 large rocks (quivered)
Armour
 n - the +8 shield of Ziakic {rF++ MR- Dex+3}
   (Okawaru gifted it to you on level 7 of the Lair of Beasts)

   It affects your dexterity (+3).
   It greatly protects you from fire.
   It affects your resistance to hostile enchantments.
 o - the cursed +0 mask of the Dragon (worn) {MR+ Slay+3 SInv}
   (You bought it in a shop on level 4 of the Orcish Mines)

   It affects your accuracy and damage with ranged weapons and melee attacks
   (+3).
   It affects your resistance to hostile enchantments.
   It enhances your eyesight.
   It has a curse placed upon it.
 D - the +3 large shield of the Jabberwock (worn) {rN++ Regen+ Str-4}
   (Okawaru gifted it to you on level 2 of the Depths)

   It affects your strength (-4).
   It greatly protects you from negative energy.
   It increases your rate of regeneration.
 F - the cursed +2 cloak "Jiemuts" {Dex+7}
   (You bought it in a shop on level 1 of the Vaults)

   It affects your dexterity (+7).
   It has a curse placed upon it.
 R - a +2 robe of resistance (worn)
 X - the cursed +0 cloak of Starlight (worn) {rElec rC+ EV+4 Stlth-}
   (You found it on level 3 of the Elven Halls)

   It affects your evasion (+4).
   It protects you from cold.
   It insulates you from electricity.
   It makes you less stealthy.
   It has a curse placed upon it.
Rods
 b - a +2 rod of ignition (12/12)
   (You found it on level 7 of the Iron City of Dis)
Jewellery
 e - the amulet of the Four Winds (around neck) {Clar rN+ MR+++}
   (You bought it in a shop on level 1 of the Depths)

   [amulet of clarity]

   It provides mental clarity.
   It protects you from negative energy.
   It affects your resistance to hostile enchantments.
 j - the ring "Qeyf" {rF++ rC+ Dex-3}
   (You found it on level 7 of Cocytus)

   [ring of protection from cold]

   It affects your dexterity (-3).
   It greatly protects you from fire.
   It protects you from cold.
 m - the ring "Vulurha" (left claw) {Ice rPois Str+3 Stlth+}
   (You bought it in a shop on level 4 of the Orcish Mines)

   [ring of ice]

   It enhances your ice magic, and weakens your fire magic.
   It affects your strength (+3).
   It makes you vulnerable to fire.
   It protects you from cold.
   It protects you from poison.
   It makes you more stealthy.
 p - a cursed amulet of resist mutation
 B - an uncursed amulet of resist corrosion
 E - an uncursed amulet of stasis
 H - the ring of Dawn {rF+ rN+ Str+3}
   (You found it on level 3 of the Crypt)

   [ring of positive energy]

   It affects your strength (+3).
   It protects you from fire.
   It protects you from negative energy.
 P - the ring of Nous {rC+ rN+}
   (You found it on level 3 of the Crypt)

   [ring of positive energy]

   It protects you from cold.
   It protects you from negative energy.
 W - the ring of Gegh (right claw) {+Fly MP+9 Str+4 Slay+2}
   (You took it off a deep elf priest on level 3 of the Elven Halls)

   [ring of magical power]

   It affects your strength (+4).
   It affects your accuracy and damage with ranged weapons and melee attacks
   (+2).
   It affects your magic capacity (+9).
   It lets you fly.
Magical devices
 d - a wand of invisibility (2)
 A - a wand of teleportation (6)
 J - a wand of cold (6)
 K - a wand of teleportation (3)
 L - a wand of fireball (2)
 N - a wand of fire (1)
 O - a wand of digging (7)
 V - a wand of hasting (3)
Scrolls
 i - 4 scrolls of summoning
 l - 16 scrolls of identify
 q - a scroll of magic mapping
 t - 5 scrolls of fear
 u - 4 scrolls of fog
 v - 5 scrolls of blinking
 y - 18 scrolls of remove curse
 U - 26 scrolls of teleportation
Potions
 c - 8 potions of berserk rage
 f - a potion of heal wounds
 k - a potion of flight
 r - 4 potions of might
 w - 3 potions of invisibility
 C - 2 potions of agility
 I - 19 potions of curing
 M - a potion of haste
Miscellaneous
 z - a legendary deck of changes {the Mercenary}
Comestibles
 a - 23 meat rations
 g - a poisonous chunk of flesh


   Skills:
 - Level 20.0(25.0) Fighting
 - Level 5.1(10.1) Armour
 - Level 21.9(26.9) Dodging
 + Level 20.4(25.4) Stealth
 - Level 18.0(23.0) Shields
 - Level 26.3(27) Unarmed Combat
 - Level 1.2 Spellcasting
 - Level 1.3 Charms
 - Level 6.5 Transmutations
 - Level 6.0 Invocations
 - Level 8.0 Evocations


You had 18 spell levels left.
You knew the following spells:

 Your Spells              Type           Power        Failure   Level  Hunger
a - Beastly Appendage     Trmt           ##....       2%          1    ##.....
b - Ozocubu's Armour      Chrm/Ice       #.......     86%         3    ####...
c - Summon Butterflies    Summ           #.......     38%         1    ##.....
d - Stoneskin             Trmt/Erth      #.......     14%         2    ###....
e - Apportation           Tloc           #.........   38%         1    ##.....
f - Blink                 Tloc           N/A          61%         2    ###....


Dungeon Overview and Level Annotations

Branches:
Dungeon (15/15)            Temple (1/1) D:4            Lair (8/8) D:8
 Shoals (5/5) Lair:3       Spider (5/5) Lair:5        Slime (6/6) Lair:8
    Orc (4/4) D:11            Elf (3/3) Orc:4        Vaults (5/5) D:13
  Crypt (3/3) Vaults:2       Tomb (3/3) Crypt:3      Depths (5/5) D:15
   Hell (1/1)                 Dis (7/7) Hell            Geh (7/7) Hell
    Coc (7/7) Hell            Tar (0/7) Hell            Zot (5/5) Depths:5

Altars:
Ashenzari
Cheibriados
Dithmenos
Elyvilon
Fedhas
Gozag
Kikubaaqudgha
Makhleb
Nemelex Xobeh
Okawaru
Qazlal
Ru
Sif Muna
Trog
Vehumet
Xom
Yredelemnul
Zin
The Shining One
Beogh

Shops:
D:5 }   D:6 !   D:7 *   D:9 (   D:13 [   Orc:4 =[*(   Vaults:1 [   Vaults:3 (
Vaults:4 =   Depths:1 =   Depths:2 !

Portals:
Hell: Depths:1 Depths:2 Depths:3 Depths:4 Depths:5
Abyss: Depths:1 Depths:4 Depths:5
Pandemonium: Depths:1 Depths:3
Ziggurat: Depths:1

Annotations:
D:4 1 exclusion
D:7 1 exclusion
D:9 1 exclusion
D:10 2 exclusions
D:15 2 exclusions
Spider:4 Mara
Slime:2 Dissolution
Slime:3 exclusion: upstairs
Elf:3 1 exclusion
Vaults:4 1 exclusion
Zot:5 1 exclusion


Innate Abilities, Weirdness & Mutations

You are too large for most types of armour.
You have claws for hands.
Your metabolism is lightning-fast.
You like to eat raw meat.
You heal very quickly.
You are covered in thick fur (AC +2).
You have very tough skin (AC +2).
You are surrounded by a mild repulsion field (EV +2).
You possess an exceptional clarity of mind.
You have difficulty communicating with the divine.


Message History

The blast of hellfire engulfs the Hell Sentinel.
The Hell Sentinel completely resists.
You block the Hell Sentinel's attack.
The Hell Sentinel hits you but does no damage.
You are very lightly contaminated with residual magic.
You are struck by the Hell Sentinel's spines.
* * * LOW HITPOINT WARNING * * *
You claw the Hell Sentinel!
You kill the Hell Sentinel!
Okawaru accepts your kill. You block the Hell Sentinel's attack.
The Hell Sentinel barely misses you.
Drink which item? (? for menu, Esc to quit)
Okay, then.
Unknown command.
You eviscerate the Hell Sentinel!!!
The Hell Sentinel is moderately wounded.
You claw the Hell Sentinel!
The Hell Sentinel is heavily wounded.
The Hell Sentinel gestures at you.
The hellfire explodes!
The blast of hellfire engulfs you!
You die...

#### #|.#
#)\# #..#
#[.#
#')#####
#).#...###
#.)#)....##
#..@).....##
#..1.......#
####.8.8.8.1
.......
.......
.......
...... .8.8.
....


You could see a Hell Sentinel.

Vanquished Creatures
  Antaeus (Coc:7)
  Asmodeus (Geh:7)
  the royal jelly (Slime:6)
  Khufu (Tomb:2)
  8 ancient liches
  32 greater mummies
  4 shard shrikes
  Boris (Crypt:2)
  Sojobo (Depths:4)
  Norris (D:15)
  Saint Roka (Crypt:3)
  2 Killer Klowns
  A curse toe (Zot:4)
  Geryon (Hell)
  14 golden dragons
  Jory (Crypt:3)
  6 bone dragons
  A profane servitor (Crypt:3)
  Frederick (Vaults:5)
  14 Brimstone Fiends
  Nikola (Vaults:1)
  18 Ice Fiends
  11 tentacled monstrosities
  4 Hell Sentinels
  3 deep elf blademasters
  A quicksilver dragon (shapeshifter) (Depths:3)
  7 titans
  5 liches
  Asterion (Spider:4)
  2 deep elf master archers (Elf:3)
  4 quicksilver dragons
  Polyphemus (Shoals:4)
  An Executioner (Abyss:1)
  13 acid blobs
  3 octopode crushers (Depths:3)
  10 sphinxes
  7 ancient champions
  Rupert (Shoals:5)
  Agnes (Depths:3)
  6 tengu reavers
  14 storm dragons
  Frances (Spider:3)
  5 revenants
  7 shadow dragons
  A draconian monk (Zot:4)
  15 azure jellies
  Ilsuiw (Shoals:5)
  9 fire giants
  13 frost giants
  8 ghost moths
  A ghost moth (shapeshifter) (Vaults:5)
  2 draconian knights
  2 draconian scorchers (Depths:5)
  Aizul (Spider:4)
  12 emperor scorpions
  2 iron dragons
  A curse skull (Crypt:2)
  A cacodemon (Abyss:1)
  17 vault wardens
  10 deep elf sorcerers
  A draconian zealot (Zot:2)
  34 reapers
  A ghoul (Crypt:3)
  An orc warlord (Orc:4)
  10 balrugs
  8 war gargoyles
  2 caustic shrike zombies
  Jorgrun (Shoals:5)
  16 ironheart preservers
  2 spriggan defenders (Depths:5)
  29 stone giants
  7 salamander firebrands
  4 draconian annihilators
  A caustic shrike skeleton (Depths:4)
  3 elemental wellsprings (Coc:7)
  5 draconian shifters
  20 very ugly things
  3 green draconians
  7 black draconians
  4 grey draconians
  3 vampire knights
  11 deep elf demonologists
  4 draconian callers
  7 bennus (Tomb:2)
  11 deep elf annihilators
  8 dire elephants
  4 yellow draconians
  4 mottled draconians
  3 white draconians
  7 pale draconians
  11 unborn
  7 red draconians
  4 purple draconians
  16 ettins
  An eidolon (Crypt:2)
  10 deep elf death magi
  7 merfolk javelineers
  12 blizzard demons
  13 death oozes
  25 mummy priests
  9 crystal guardians (Elf:3)
  A green death (Dis:5)
  23 fire dragons
  8 great orbs of eyes
  43 vault guards
  2 quicksilver dragon zombies
  2 minotaurs (Depths:1)
  10 merfolk impalers
  25 jiangshi
  6 deep elf high priests
  6 death cobs
  3 kraken zombies
  3 quicksilver dragon skeletons
  23 yaktaur captains
  5 rakshasas
  8 centaur warriors
  Nessos (D:11)
  3 spriggan air magi
  26 ice dragons
  A catoblepas (Shoals:4)
  Erica (D:10)
  4 hydras
  3 merfolk avatars
  A caustic shrike simulacrum (Depths:2)
  14 dancing weapons (Elf:2)
  13 ogre magi
  4 merfolk aquamancers
  3 alligator snapping turtles
  12 deep troll earth magi
  34 death yaks
  7 deep troll shamans
  15 hell hogs
  7 death knights
  4 spriggan berserkers
  9 vampire magi
  2 thrashing horrors (Abyss:1)
  7 titan zombies
  Urug (D:11)
  An orc high priest (Orc:4)
  18 small abominations
  4 iron golems
  18 hell knights
  2 storm dragon zombies
  95 skeletal warriors
  The ghost of Malachi the Dealer of Despair, an experienced DsNe of Kikubaaqudgha (D:8)
  19 soul eaters
  3 wretched stars (Abyss:1)
  26 ice devils
  5 titan skeletons
  8 iron trolls
  4 unseen horrors
  7 fire crabs
  34 death scarabs
  14 sun demons
  4 storm dragon skeletons
  15 flayed ghosts
  8 sea snakes
  23 deep elf knights
  A salamander mystic (Geh:7)
  A very ugly thing zombie (Depths:2)
  28 anubis guards
  A death drake (Abyss:1)
  9 shadow wraiths
  3 ghost moth zombies
  13 starcursed masses (Abyss:1)
  6 giant orange brains
  4 kraken simulacra
  5 ice statues
  2 anaconda skeletons
  3 shadow dragon zombies
  2 tengu zombies
  10 deep elf summoners
  8 anaconda zombies
  38 deep trolls
  A quicksilver dragon simulacrum (Coc:7)
  18 necromancers
  2 golden dragon skeletons
  24 ironbrand convokers
  2 tengu skeletons
  13 phantasmal warriors
  19 orc knights
  14 deep elf conjurers
  A cyclops (shapeshifter) (Vaults:5)
  12 hill giants
  8 orc sorcerers
  A shining eye (shapeshifter) (Vaults:5)
  59 ugly things
  4 iron dragon zombies
  16 griffons
  5 shining eyes
  3 shadow dragon skeletons
  2 ugly thing zombies (Depths:2)
  12 orb spiders
  28 wolf spiders
  3 fire giant zombies
  2 wolf spider zombies
  11 cyclopes
  A lindwurm (Lair:7)
  6 stone giant zombies
  15 harpies
  2 manticores (shapeshifter)
  5 frost giant zombies
  8 water nymphs
  2 iron dragon skeletons
  8 worldbinders
  19 moths of wrath
  10 salamanders
  15 manticores
  13 wizards
  5 black mambas
  3 shock serpent zombies
  27 rust devils
  7 elephants
  4 centaur zombies
  7 hornets
  5 sixfirhies
  3 fire giant skeletons
  11 spiny frogs
  2 stone giant skeletons
  An elephant (shapeshifter) (Depths:3)
  Joseph (D:7)
  3 frost giant skeletons
  18 molten gargoyles
  3 orange demons (Abyss:1)
  3 dire elephant zombies
  9 storm dragon simulacra
  6 torpor snails
  13 vault sentinels
  5 titan simulacra
  9 sirens
  An emperor scorpion zombie (Geh:7)
  A gargoyle (D:15)
  2 apocalypse crabs (Abyss:1)
  31 yaktaurs
  8 centaur skeletons
  21 tormentors
  11 hellions
  An elf (shapeshifter) (Vaults:3)
  2 shock serpent skeletons (Geh:7)
  A dire elephant skeleton (Geh:7)
  10 smoke demons
  A kobold demonologist (D:12)
  A tengu conjurer (D:13)
  3 fire drakes
  3 ancient zymes (Abyss:1)
  2 catoblepas skeletons (Coc:4)
  A catoblepas zombie (Geh:4)
  2 efreet
  A troll (shapeshifter) (Vaults:4)
  8 demonic crawlers
  An iron troll zombie (Depths:2)
  9 komodo dragons
  A shadow dragon simulacrum (Depths:2)
  41 freezing wraiths
  A spriggan skeleton (Depths:3)
  7 anaconda simulacra (Coc:7)
  21 jumping spiders
  36 guardian mummies
  A merfolk (shapeshifter) (Depths:1)
  A death drake zombie (Crypt:1)
  A queen bee (D:12)
  11 hydra zombies
  11 deep elf priests
  A spriggan druid (Lair:8)
  8 blink frogs
  24 red devils
  13 blue devils
  A jumping spider (shapeshifter) (Vaults:5)
  3 fire vortices
  5 polar bears
  37 merfolk
  9 hydra skeletons
  2 harpy zombies (Tomb:1)
  6 trolls
  8 bog bodies (Coc:7)
  A frost giant simulacrum (Depths:3)
  2 baby alligators (shapeshifter)
  A minotaur skeleton (Coc:6)
  A wind drake (shapeshifter) (Elf:2)
  4 ravens (D:13)
  26 two-headed ogres
  7 boulder beetles
  3 wind drakes
  A trapdoor spider zombie (D:12)
  A fire dragon zombie (Dis:4)
  A human skeleton (D:13)
  10 snapping turtles
  6 alligator zombies
  27 ushabtiu
  A tengu simulacrum (Depths:4)
  5 ettin zombies
  7 raiju (Abyss:1)
  A hornet zombie (D:15)
  8 ice dragon zombies
  4 basilisks
  A fire giant simulacrum (Crypt:2)
  2 iron dragon simulacra
  2 tarantellas (shapeshifter)
  2 humans (shapeshifter)
  117 slime creatures
  3 spriggan zombies
  3 ettin skeletons (Coc:7)
  15 vampires
  25 wraiths
  20 shadows
  4 stone giant simulacra
  A redback (shapeshifter) (Depths:1)
  46 yaks
  4 ynoxinuls (Abyss:1)
  19 tarantellas
  34 redbacks
  3 air elementals (Depths:5)
  32 deep elf magi
  3 fire dragon skeletons (Coc:7)
  126 flying skulls
  4 ice dragon skeletons
  A fire bat (Abyss:1)
  25 trapdoor spiders
  An alligator skeleton (Coc:7)
  14 water elementals
  2 black mamba skeletons
  4 hungry ghosts
  13 spriggans (Lair:8)
  2 spriggans (shapeshifter)
  2 wyverns
  18 fire elementals
  5 hill giant zombies (WizLab)
  Eustachio (D:4)
  17 hippogriffs
  2 steam dragons
  3 golden eyes (Slime:2)
  A soldier ant (shapeshifter) (Depths:2)
  A neqoxec (Depths:3)
  62 deep elf fighters
  A merfolk zombie (Coc:7)
  16 humans (D:13)
  A warg (shapeshifter) (Depths:4)
  13 vampire mosquitoes
  30 wolves
  4 chaos spawn
  26 hell hounds
  Edmund (D:4)
  12 large abominations (Abyss:1)
  A deep troll zombie (Vaults:2)
  3 mottled dragons
  7 wargs
  A harpy simulacrum (Crypt:3)
  12 water moccasins
  7 porcupines
  5 human zombies
  57 orc warriors
  A monstrous demonspawn skeleton (Dis:1)
  10 spiny frog zombies
  6 hydra simulacra
  3 merfolk skeletons
  8 black bears
  2 eyes of draining (shapeshifter)
  3 spiny frog skeletons
  19 ice beasts
  5 sky beasts
  17 spiders
  6 wasps
  9 boggarts
  An ettin simulacrum (Depths:2)
  55 ogres
  6 phantoms
  6 eyes of draining
  A boring beetle (Spider:4)
  2 snapping turtle skeletons
  3 swamp dragon skeletons (Geh:7)
  A big kobold (shapeshifter) (Depths:4)
  23 crocodiles
  9 necrophages
  24 centaurs
  A big kobold (D:13)
  4 lost souls
  A fire crab zombie (Crypt:2)
  20 giant frogs
  An elf simulacrum (Vaults:1)
  2 brain worms
  A dryad skeleton (Crypt:2)
  A wyvern skeleton (Crypt:1)
  7 troll zombies (WizLab)
  8 scorpions
  A troll skeleton (Geh:4)
  23 killer bees
  A raiju skeleton (Crypt:1)
  62 wights
  An electric eel (Spider:3)
  A goliath beetle (shapeshifter) (Vaults:5)
  3 goliath beetles
  A yaktaur simulacrum (Vaults:1)
  A giant frog zombie (D:8)
  13 crimson imps
  3 quasits
  A giant frog skeleton (D:11)
  An elf zombie (Vaults:2)
  A human simulacrum (Vaults:1)
  19 orc priests
  27 jellies
  39 orc wizards
  10 hounds
  12 iron imps
  18 worker ants
  14 iguanas
  6 hell rats (Hell)
  7 ogre zombies (WizLab)
  34 sheep
  A centaur simulacrum (Crypt:2)
  Ijyb (D:4)
  4 necrophage skeletons (Crypt:3)
  An ogre skeleton (Geh:5)
  A naga skeleton (Crypt:2)
  2 hound skeletons
  A hound zombie (D:6)
  61 mummies
  28 adders
  A gnoll (D:1)
  7 orc zombies (Orc:4)
  32 river rats
  13 white imps
  6 giant mites
  3 shadow imps
  7 worms
  3 ufetubi
  A lava snake skeleton (Crypt:1)
  5 giant geckos
  203 orcs
  12 bats
  A bat zombie (D:5)
  8 giant cockroaches
  27 goblins
  18 hobgoblins
  26 jackals
  22 kobolds
  2 ball pythons
  A giant gecko skeleton (D:8)
  9 giant newts
  A giant newt skeleton (Crypt:1)
  A goblin skeleton (Crypt:1)
  5 orc skeletons
  11 quokkas
  20 rats
  A crawling corpse (Vaults:3)
  A fungus (Lair:7)
  11 tentacles
4391 creatures vanquished.

Vanquished Creatures (others)
  A tengu reaver (Vaults:4)
  A fire giant (Depths:4)
  A stone giant (Vaults:3)
  An elemental wellspring (Coc:7)
  A bennu (Tomb:2)
  A deep elf high priest (Depths:4)
  A merfolk aquamancer (Shoals:5)
  A wizard (D:13)
  2 death scarabs (Tomb:2)
  A deep elf knight (Elf:1)
  An ugly thing (Vaults:1)
  7 drowned souls
  A shadow dragon simulacrum (Depths:4)
  3 guardian mummies (Tomb:2)
  A hydra skeleton (Tomb:2)
  2 ushabtiu (Tomb:2)
  11 flying skulls
  A wraith (Geh:5)
  An alligator skeleton (Geh:2)
  3 elf simulacra (Depths:4)
  A hell hound (Geh:4)
  A swamp drake (Zot:4)
  A swamp dragon zombie (Tomb:3)
  8 lost souls
  A brain worm (Abyss:1)
  A scorpion (Spider:3)
  7 wights
  An iron imp (Dis:7)
  An orc wizard (Orc:1)
  A hell rat (Hell)
  3 mummies (Tomb:2)
  11 fungi
  28 tentacles
  795 tentacle segments
902 creatures vanquished.

Grand Total: 5293 creatures vanquished

Notes
Turn   | Place    | Note
--------------------------------------------------------------
     0 | D:1      | achirane, the Troll Transmuter, began the quest for the Orb.
     0 | D:1      | Reached XP level 1. HP: 18/18 MP: 2/2
   166 | D:1      | Reached XP level 2. HP: 26/26 MP: 2/2
   257 | D:1      | Reached skill level 4 in Unarmed Combat
   725 | D:1      | Reached XP level 3. HP: 32/32 MP: 3/3
  1567 | D:2      | Reached XP level 4. HP: 31/40 MP: 4/4
  1695 | D:2      | Reached skill level 5 in Unarmed Combat
  1852 | D:3      | Found a white marble altar of Elyvilon.
  2569 | D:4      | Reached XP level 5. HP: 46/46 MP: 4/4
  2573 | D:4      | Noticed an ogre
  2585 | D:4      | Killed an ogre
  2585 | D:4      | Reached skill level 6 in Unarmed Combat
  2677 | D:4      | Noticed Eustachio
  2721 | D:4      | Found a staircase to the Ecumenical Temple.
  2745 | Temple   | Entered the Ecumenical Temple
  2843 | Temple   | Became a worshipper of Warmaster Okawaru
  2990 | D:4      | Noticed Ijyb
  3007 | D:4      | Killed Ijyb
  3007 | D:4      | Reached XP level 6. HP: 51/54 MP: 5/5
  3054 | D:4      | Noticed Edmund
  3060 | D:4      | Reached skill level 7 in Unarmed Combat
  3068 | D:4      | Killed Edmund
  3068 | D:4      | Acquired Okawaru's first power
  3123 | D:4      | Killed Eustachio
  3123 | D:4      | Reached skill level 8 in Unarmed Combat
  3123 | D:4      | Reached XP level 7. HP: 40/61 MP: 4/5
  3349 | D:4      | Found a shattered altar of Ashenzari.
  3426 | D:4      | Reached skill level 9 in Unarmed Combat
  3585 | D:5      | Entered Level 5 of the Dungeon
  3609 | D:5      | Reached skill level 1 in Fighting
  3677 | D:5      | Found a glowing golden altar of the Shining One.
  3924 | D:5      | Reached XP level 8. HP: 74/74 MP: 6/6
  3950 | D:5      | Found Fraiduar's Quality Used Wands.
  3974 | D:5      | Reached skill level 1 in Invocations
  4496 | D:6      | Reached skill level 5 in Fighting
  4697 | D:6      | Found Ziolioho's Distillery.
  4796 | D:6      | Bought a potion of curing for 42 gold pieces
  4978 | D:6      | Reached XP level 9. HP: 77/89 MP: 7/7
  5166 | D:6      | Found a stormy altar of Qazlal.
  5761 | D:7      | Found Uhona's General Store.
  5766 | D:7      | Bought a scroll of blinking for 112 gold pieces
  5766 | D:7      | Bought a scroll of identify for 30 gold pieces
  6012 | D:7      | Noticed a manticore
  6043 | D:7      | Killed a manticore
  6687 | D:8      | Noticed Joseph
  6694 | D:7      | Killed Joseph
  6727 | D:8      | Noticed an elephant
  6752 | D:8      | Killed an elephant
  6752 | D:8      | Reached XP level 10. HP: 85/107 MP: 5/7
  6873 | D:8      | Found a staircase to the Lair.
  7036 | D:8      | Reached skill level 10 in Fighting
  7292 | D:8      | Noticed a five-headed hydra
  7301 | D:8      | Identified a -3 rod of clouds (13/13) (You found it on level 8 of the Dungeon)
  7837 | D:8      | Noticed Malachi's ghost (experienced DsNe)
  7904 | D:7      | Found a shimmering altar of Xom.
  7931 | D:8      | Killed Malachi's ghost
  7993 | D:8      | Found a snail-covered altar of Cheibriados.
  8266 | Lair:1   | Entered Level 1 of the Lair of Beasts
  8318 | Lair:1   | Acquired Okawaru's second power
  8318 | Lair:1   | Reached skill level 5 in Transmutations
  8325 | Lair:1   | Received a gift from Okawaru
  8598 | Lair:1   | Reached XP level 11. HP: 101/117 MP: 5/7
  9723 | Lair:2   | Reached skill level 5 in Invocations
 10996 | Lair:3   | Reached skill level 10 in Unarmed Combat
 11675 | Lair:3   | Reached skill level 11 in Unarmed Combat
 11684 | Lair:3   | Found a staircase to the Shoals.
 11958 | Lair:3   | Received a gift from Okawaru
 12644 | Lair:4   | Noticed a death yak
 12644 | Lair:4   | Noticed a death yak
 12655 | Lair:3   | Killed a death yak
 12846 | Lair:4   | Reached XP level 12. HP: 65/126 MP: 18/18
 12906 | Lair:4   | Killed a death yak
 12906 | Lair:4   | Reached skill level 12 in Unarmed Combat
 13958 | Lair:4   | Received a gift from Okawaru
 13972 | Lair:4   | Reached skill level 13 in Unarmed Combat
 14520 | Lair:5   | Reached skill level 14 in Unarmed Combat
 14729 | Lair:5   | Found a hole to the Spider Nest.
 15123 | Lair:5   | Noticed a six-headed hydra
 15154 | Lair:5   | Killed a six-headed hydra
 15584 | Lair:6   | Reached skill level 15 in Unarmed Combat
 15754 | Lair:6   | Reached XP level 13. HP: 93/133 MP: 18/18
 15824 | Lair:6   | Noticed a six-headed hydra
 16179 | Lair:6   | Killed a six-headed hydra
 16179 | Lair:6   | Received a gift from Okawaru
 17039 | Lair:7   | Reached skill level 16 in Unarmed Combat
 17714 | Lair:7   | Received a gift from Okawaru
 17720 | Lair:7   | Got a faintly glowing shield {god gift}
 17732 | Lair:7   | Identified the +8 shield of Ziakic {rF++ MR- Dex+3} (Okawaru gifted it to you on level 7 of the Lair of Beasts)
 18084 | Lair:8   | Entered Level 8 of the Lair of Beasts
 18249 | Lair:8   | Found a staircase to the Slime Pits.
 18271 | Lair:8   | Reached skill level 1 in Shields
 18789 | Lair:8   | Reached skill level 5 in Shields
 19121 | Lair:8   | Reached XP level 14. HP: 132/143 MP: 18/18
 20226 | Lair:4   | Received a gift from Okawaru
 20430 | Lair:1   | Learned a level 3 spell: Ozocubu's Armour
 20469 | D:9      | Found a white marble altar of Elyvilon.
 20718 | D:9      | Found Shroruirok's Weapon Shop.
 21223 | D:10     | Entered Level 10 of the Dungeon
 21223 | D:10     | Noticed Erica
 21688 | D:10     | Killed Erica
 22021 | D:11     | Noticed Urug
 22039 | D:11     | Killed Urug
 22684 | D:11     | Reached skill level 1 in Charms
 22754 | D:11     | Found a staircase to the Orcish Mines.
 22776 | D:11     | Noticed Nessos
 22794 | D:11     | Killed Nessos
 24398 | D:13     | Reached skill level 5 in Dodging
 24548 | D:13     | Found Vaek's Antique Armour Shop.
 24881 | D:13     | Received a gift from Okawaru
 24889 | D:13     | Reached XP level 15. HP: 143/149 MP: 13/20
 24929 | D:13     | Received a gift from Okawaru
 24937 | D:13     | Got a faintly glowing demon trident {god gift}
 24938 | D:13     | Identified the +2 demon trident of Nicush {pierce, rPois Int+4} (Okawaru gifted it to you on level 13 of the Dungeon)
 24969 | D:13     | Found a gate to the Vaults.
 25327 | D:14     | Learned a level 1 spell: Summon Butterflies
 25491 | D:14     | Identified the Grimoire of Combed Thunderclap
 25613 | D:14     | Identified Ts'ui PĂȘn's Handbook of Forking Paths (You found it on level 14 of the Dungeon)
 25625 | D:14     | Identified the Compendium of Sand (You found it on level 14 of the Dungeon)
 26058 | D:15     | Entered Level 15 of the Dungeon
 27026 | D:15     | Found a staircase to the Depths.
 27032 | D:15     | Received a gift from Okawaru
 27900 | Orc:1    | Entered Level 1 of the Orcish Mines
 28994 | Orc:3    | Reached skill level 10 in Dodging
 29849 | Orc:4    | Entered Level 4 of the Orcish Mines
 30000 | Orc:4    | Found a staircase to the Elven Halls.
 30688 | Orc:4    | Found a roughly hewn altar of Beogh.
 30870 | Orc:4    | Found Unga's Jewellery Shop.
 31226 | Orc:4    | Found Ziraan's Antique Weapon Shop.
 31243 | Orc:4    | Found Gaovam's Antique Armour Shop.
 31251 | Orc:4    | Bought a crude robe for 188 gold pieces
 31251 | Orc:4    | Bought the +0 mask of the Dragon {MR+ Slay+3 SInv} for 1102 gold pieces
 31271 | Orc:4    | Identified the +0 robe of Crawling {-Tele rC+ rCorr} (You bought it in a shop on level 4 of the Orcish Mines)
 31312 | Orc:4    | Found Oppostak's General Store.
 31318 | Orc:4    | Bought a scroll of blinking for 112 gold pieces
 31747 | Spider:1 | Entered Level 1 of the Spider Nest
 31753 | Spider:1 | Got a faintly glowing war axe
 31754 | Spider:1 | Identified the +9 war axe of Dishonesty {freeze, Str+3} (You found it on level 1 of the Spider Nest)
 31931 | Spider:1 | Received a gift from Okawaru
 31935 | Spider:1 | Identified Sif Muna's Collected Works on Harmful Poison
 32247 | Spider:1 | You fall through a shaft!
 32880 | Spider:2 | Reached XP level 16. HP: 139/158 MP: 20/20
 33321 | Spider:3 | Noticed Frances
 33798 | Spider:3 | Received a gift from Okawaru
 33799 | Spider:3 | Got a distressingly furry cloak {god gift}
 33810 | Spider:3 | Identified the +0 cloak "Caik" {-Cast rPois Regen+ rCorr Stlth+} (Okawaru gifted it to you on level 3 of the Spider Nest)
 33859 | Spider:3 | Killed Frances
 34871 | Spider:4 | Noticed Asterion
 34896 | Spider:4 | Killed Asterion
 34904 | Spider:4 | Got an encrusted shield
 34915 | Spider:4 | Identified the +0 shield of Henotheism {Int+3} (You took it off Asterion on level 4 of the Spider Nest)
 34955 | Spider:4 | Noticed Aizul
 35121 | Spider:4 | Killed Aizul
 35207 | Spider:4 | Noticed Mara
 35692 | Spider:5 | Entered Level 5 of the Spider Nest
 35858 | Spider:5 | Received a gift from Okawaru
 35859 | Spider:5 | Got an ancient quarterstaff {god gift}
 36819 | Spider:5 | Received a gift from Okawaru
 36820 | Spider:5 | Got an ichor-stained shield {god gift}
 36831 | Spider:5 | Identified the +1 shield of Okawaru's Fury {rF+ rC+ rCorr MP-9} (Okawaru gifted it to you on level 5 of the Spider Nest)
 37057 | Spider:5 | Reached XP level 17. HP: 166/166 MP: 21/21
 37278 | Spider:5 | Reached skill level 15 in Dodging
 37452 | Spider:5 | Got a gossamer rune of Zot
 37715 | Lair:1   | Identified the +2 quarterstaff of the Shallot {freeze, Noisy rF+ MP+9 Str-4 Stlth+} (Okawaru gifted it to you on level 5 of the Spider Nest)
 37894 | Elf:1    | Entered Level 1 of the Elven Halls
 37913 | Orc:4    | Reached skill level 1 in Armour
 38067 | Elf:1    | Found a white marble altar of Elyvilon.
 38945 | Elf:1    | Received a gift from Okawaru
 38946 | Elf:1    | Got a heavily runed large shield {god gift}
 38957 | Elf:1    | Identified the +6 large shield of the Republic {MR+} (Okawaru gifted it to you on level 1 of the Elven Halls)
 39875 | Elf:2    | Reached skill level 5 in Armour
 39889 | Elf:2    | Found a runed gate.
 39889 | Elf:2    | Found a runed gate.
 39890 | Elf:2    | Found a runed gate.
 40346 | Elf:2    | Reached skill level 17 in Unarmed Combat
 41077 | Elf:3    | Entered Level 3 of the Elven Halls
 42037 | Elf:3    | Reached skill level 18 in Unarmed Combat
 42157 | Elf:3    | Received a gift from Okawaru
 42290 | Elf:3    | Got an ivory quick blade
 42293 | Elf:3    | Identified the cursed +2 quick blade "Ojammuj" {flame, Contam rC+ MR+ SInv Stlth+} (You took it off a deep elf fighter on level 3 of the Elven Halls)
 42324 | Elf:3    | Reached XP level 18. HP: 127/174 MP: 19/22
 42343 | Elf:3    | Gained mutation: Your spells are a little easier to cast, but a little less powerful. [mutagenic glow]
 42527 | Elf:3    | Got a wavering platinum ring
 42529 | Elf:3    | Identified the ring of Gegh {+Fly MP+9 Str+4 Slay+2} (You took it off a deep elf priest on level 3 of the Elven Halls)
 42629 | Elf:3    | Reached skill level 19 in Unarmed Combat
 42824 | Elf:3    | Received a gift from Okawaru
 42825 | Elf:3    | Got a shimmering hunting sling {god gift}
 43081 | Elf:3    | Identified Chifujas' Tome of Calling
 43226 | Elf:3    | Got a smoking hunting sling
 43227 | Elf:3    | Identified the +6 hunting sling of Evisceration {velocity, rF- MP+9 Dex+4} (You found it on level 3 of the Elven Halls)
 43305 | Elf:3    | Identified the +7 hunting sling "Prilit" {freeze, Dex+5} (Okawaru gifted it to you on level 3 of the Elven Halls)
 43892 | Vaults:1 | Entered Level 1 of the Vaults
 43999 | Vaults:1 | Reached skill level 20 in Unarmed Combat
 44045 | Vaults:1 | Found Qopugg's Antique Armour Boutique.
 44118 | Vaults:1 | Received a gift from Okawaru
 44121 | Vaults:1 | Got an ancient executioner's axe {god gift}
 44213 | Vaults:1 | Found a magical portal.
 44218 | WizLab   | Entered Zonguldrok's Shrine
 44555 | WizLab   | Noticed an antique lich
 44571 | WizLab   | Killed an antique lich
 44571 | WizLab   | Received a gift from Okawaru
 44868 | Vaults:1 | Bought a distressingly furry cloak for 370 gold pieces
 44878 | Vaults:1 | Identified the +2 cloak "Jiemuts" {Dex+7} (You bought it in a shop on level 1 of the Vaults)
 45026 | Vaults:1 | Got a smoking scimitar
 45060 | Vaults:1 | Found a glowing silver altar of Zin.
 45339 | Vaults:1 | Noticed Nikola
 45795 | Vaults:1 | Reached XP level 19. HP: 146/187 MP: 22/22
 46197 | Vaults:1 | Received a gift from Okawaru
 46198 | Vaults:1 | Got a crude hat {god gift}
 46209 | Vaults:1 | Identified the +0 hat of the Hurricane {rF+ Int+3} (Okawaru gifted it to you on level 1 of the Vaults)
 46798 | Vaults:1 | Killed Nikola
 47311 | Vaults:1 | Identified the cursed +0 scimitar of Klixuck {antimagic, +Rage MP+9 Dex+7} (You found it on level 1 of the Vaults)
 47321 | Vaults:1 | Identified the +5 executioner's axe of Smiliohu {venom, Noisy rN++} (Okawaru gifted it to you on level 1 of the Vaults)
 47818 | Vaults:2 | Found a staircase to the Crypt.
 48320 | Vaults:2 | Got a crystal arbalest
 48326 | Vaults:2 | Identified the +5 arbalest of Sefiev {flame, rElec MP+9 Int-4} (You found it on level 2 of the Vaults)
 48437 | Vaults:2 | Received a gift from Okawaru
 49385 | Vaults:2 | Received a gift from Okawaru
 49392 | Vaults:2 | Reached skill level 15 in Fighting
 49413 | Vaults:2 | Reached XP level 20. HP: 133/210 MP: 23/23
 51065 | Orc:4    | Bought the ring "Vulurha" {Ice rPois Str+3 Stlth+} for 770 gold pieces
 51065 | Orc:4    | Bought an uncursed amulet of resist mutation for 680 gold pieces
 51255 | Lair:1   | Gained mutation: Your system is resistant to poisons. [potion of beneficial mutation]
 52136 | Vaults:3 | Reached skill level 10 in Shields
 52934 | Vaults:3 | Found Raliag's Weapon Shop.
 54342 | Vaults:4 | Reached XP level 21. HP: 213/218 MP: 24/24
 54567 | Vaults:4 | Found Yphoaw's Jewellery Shoppe.
 54639 | Vaults:4 | Received a gift from Okawaru
 55586 | Lair:1   | Identified 2 scrolls of acquirement
 55940 | Depths:1 | Entered Level 1 of the Depths
 56035 | Depths:1 | Found Haheust's Jewellery Shop.
 56052 | Depths:1 | Found a one-way gate leading to the halls of Pandemonium.
 56362 | Depths:1 | Bought the amulet of the Four Winds {Clar rN+ MR+++} for 593 gold pieces
 56475 | Depths:1 | Found a gateway to a ziggurat.
 56516 | Depths:1 | Found a gateway to Hell.
 56552 | Depths:1 | Noticed Norris
 56570 | D:15     | Killed Norris
 56773 | Depths:2 | Reached skill level 15 in Shields
 57011 | Depths:2 | Found Sticwofill's Distillery.
 57021 | Depths:2 | Bought a potion of heal wounds for 95 gold pieces
 57021 | Depths:2 | Bought 2 potions of heal wounds for 190 gold pieces
 57021 | Depths:2 | Bought a potion of heal wounds for 95 gold pieces
 57226 | Depths:2 | Received a gift from Okawaru
 57821 | Depths:2 | Got a translucent large shield {god gift}
 57832 | Depths:2 | Identified the +3 large shield of the Jabberwock {rN++ Regen+ Str-4} (Okawaru gifted it to you on level 2 of the Depths)
 57938 | Depths:2 | Got a wavering emerald amulet
 57944 | Depths:2 | Identified the amulet "Bleoskay" {Inacc MP+9} (You found it on level 2 of the Depths)
 58800 | Depths:1 | Found a one-way gate to the infinite horrors of the Abyss.
 59002 | Depths:1 | Reached XP level 22. HP: 184/227 MP: 24/24
 59160 | Depths:1 | Received a gift from Okawaru
 59465 | Depths:3 | Gained mutation: You are clumsy. (Dex -2) [a neqoxec]
 59833 | Depths:3 | Noticed Agnes
 59849 | Depths:3 | Killed Agnes
 60584 | Depths:3 | Reached skill level 1 in Evocations
 60700 | Depths:3 | Received a gift from Okawaru
 61033 | Depths:3 | Reached skill level 5 in Evocations
 61466 | Depths:4 | Found a basalt altar of Yredelemnul.
 61839 | Depths:4 | Noticed Sojobo
 61869 | Depths:4 | Killed Sojobo
 62182 | Depths:4 | Reached skill level 1 in Stealth
 62224 | Depths:4 | Reached XP level 23. HP: 214/235 MP: 27/27
 62387 | Depths:4 | Received a gift from Okawaru
 62561 | Depths:4 | Got a slimy large shield
 62572 | Depths:4 | Identified the +2 large shield of Duck's Teeth {+Inv} (You took it off a deep elf demonologist on level 4 of the Depths)
 62653 | Depths:4 | Noticed a shard shrike
 62663 | Depths:4 | Reached skill level 5 in Stealth
 62668 | Depths:4 | Killed a shard shrike
 63780 | Depths:4 | Got a heavily jewelled robe
 63890 | Depths:4 | Found a blossoming altar of Fedhas.
 63923 | Depths:4 | Found a shadowy altar of Dithmenos.
 64073 | Depths:4 | Found a radiant altar of Vehumet.
 64467 | Depths:4 | Identified the -7 robe of Ygulamme {+Inv rF+ Int+5 Dex-4} (You took it off a deep elf fighter on level 4 of the Depths)
 64499 | Depths:5 | Entered Level 5 of the Depths
 64634 | Depths:5 | Received a gift from Okawaru
 64652 | Depths:5 | Got an opalescent robe {god gift}
 64663 | Depths:5 | Identified the -4 robe "Kiolos" {rElec rN+ Slay+3 SInv} (Okawaru gifted it to you on level 5 of the Depths)
 65867 | Depths:5 | Found a gate to the Realm of Zot.
 66805 | Crypt:1  | Entered Level 1 of the Crypt
 66998 | Crypt:1  | Got a crude brass ring
 67000 | Crypt:1  | Identified the ring of Prein {Str+2 Int+4} (You found it on level 1 of the Crypt)
 68122 | Crypt:2  | Noticed Boris
 68136 | Crypt:2  | Killed Boris
 68136 | Crypt:2  | Received a gift from Okawaru
 68136 | Crypt:2  | Reached skill level 10 in Stealth
 68136 | Crypt:2  | Reached XP level 24. HP: 235/245 MP: 28/28
 69096 | Crypt:3  | Entered Level 3 of the Crypt
 69467 | Crypt:3  | Found an ancient bone altar of Kikubaaqudgha.
 69594 | Crypt:3  | Noticed Saint Roka
 69981 | Crypt:3  | Received a gift from Okawaru
 69982 | Crypt:3  | Got a slimy trident {god gift}
 70081 | Crypt:3  | Got a jewelled arbalest
 70338 | Crypt:3  | Killed Saint Roka
 70522 | Crypt:3  | Noticed Jory
 70696 | Crypt:3  | Identified the +8 trident of the Gloaming {venom, rPois Dex+3} (Okawaru gifted it to you on level 3 of the Crypt)
 70773 | Crypt:3  | Killed Jory
 70783 | Crypt:3  | Found a staircase to the Tomb.
 70970 | Crypt:3  | Identified a +2 rod of shadows (11/11) (You found it on level 3 of the Crypt)
 70973 | Crypt:3  | Got a sparkling lead ring
 70975 | Crypt:3  | Identified the ring of Nous {rC+ rN+} (You found it on level 3 of the Crypt)
 70981 | Crypt:3  | Got a slimy gossamer ring
 70982 | Crypt:3  | Identified the ring of Dawn {rF+ rN+ Str+3} (You found it on level 3 of the Crypt)
 70984 | Crypt:3  | Got a twitching ivory ring
 70986 | Crypt:3  | Identified the ring of Awkuofaq {rElec rC+ rN+ MR+ Str-4 Dex-5} (You found it on level 3 of the Crypt)
 71791 | Shoals:1 | Entered Level 1 of the Shoals
 72464 | Shoals:2 | Received a gift from Okawaru
 74030 | Shoals:4 | Noticed Polyphemus
 74436 | Shoals:4 | Learned a level 2 spell: Stoneskin
 74438 | Shoals:4 | Learned a level 1 spell: Apportation
 74523 | Shoals:4 | Killed Polyphemus
 74822 | Shoals:5 | Entered Level 5 of the Shoals
 74901 | Shoals:5 | Reached XP level 25. HP: 261/261 MP: 29/29
 74912 | Shoals:5 | Noticed Jorgrun
 75253 | Shoals:5 | Identified the Collected Works on the Snowflakes and Moulding (You found it on level 5 of the Shoals)
 75333 | Shoals:5 | Identified the Compendium of Snow and Contamination (You found it on level 5 of the Shoals)
 75375 | Shoals:5 | Noticed Rupert
 75537 | Shoals:5 | Noticed Ilsuiw
 75703 | Shoals:5 | Killed Jorgrun
 75798 | Shoals:5 | Killed Rupert
 75861 | Shoals:5 | Killed Ilsuiw
 75891 | Shoals:5 | Got a barnacled rune of Zot
 76094 | Shoals:5 | Cast into the Abyss (merfolk impaler)
 76140 | Abyss:1  | Found an opulent altar of Gozag.
 77371 | Abyss:1  | Found a bloodstained altar of Trog.
 77564 | Abyss:1  | Received a gift from Okawaru
 77566 | Abyss:1  | Got a shimmering robe {god gift}
 77852 | Shoals:5 | Escaped the Abyss
 78594 | Lair:1   | Identified the +1 robe of Panez {rElec rF- MR+ MP+9 Stlth-} (Okawaru gifted it to you on level 1 of the Abyss)
 78850 | Slime:1  | Entered Level 1 of the Pits of Slime
 79161 | Slime:2  | Noticed Dissolution
 80003 | Slime:6  | Entered Level 6 of the Pits of Slime
 80244 | Slime:6  | Noticed the royal jelly
 80291 | Slime:6  | Killed the royal jelly
 80553 | Slime:6  | Received a gift from Okawaru
 80739 | Slime:6  | Got a slimy rune of Zot
 80757 | Slime:6  | Got a smoking dagger
 80758 | Slime:6  | Identified the +2 dagger "Psuef" {drain, +Blink MP+9} (You found it on level 6 of the Pits of Slime)
 80828 | Slime:6  | Identified a +7 rod of inaccuracy (12/12) (You found it on level 6 of the Pits of Slime)
 80841 | Slime:6  | Identified the Tome of Supportive Attacks
 81846 | Tomb:1   | Entered Level 1 of the Tomb of the Ancients
 82026 | Tomb:1   | Reached XP level 26. HP: 236/279 MP: 29/29
 82814 | Tomb:1   | Reached skill level 21 in Unarmed Combat
 83883 | Tomb:2   | Gained mutation: You are frail (-10% HP). [mutagenic glow]
 83891 | Tomb:2   | Received a gift from Okawaru
 83951 | Tomb:2   | Reached skill level 22 in Unarmed Combat
 84022 | Tomb:2   | Gained mutation: Your body is slowly deteriorating. [mutagenic glow]
 85060 | Tomb:2   | Reached skill level 23 in Unarmed Combat
 85732 | Tomb:1   | Received a gift from Okawaru
 85733 | Tomb:1   | Got a distressingly furry large shield {god gift}
 85748 | Tomb:1   | Identified the +8 large shield of the Will of the Gods {Contam rElec MR- MP+9 Int+8} (Okawaru gifted it to you on level 1 of the Tomb of the Ancients)
 86111 | Tomb:1   | Reached XP level 27. HP: 148/222 MP: 30/30
 86468 | Tomb:1   | Reached skill level 24 in Unarmed Combat
 88205 | Crypt:2  | Gained mutation: You are weak. (Str -2) [mutagenic glow]
 88713 | Tomb:3   | Entered Level 3 of the Tomb of the Ancients
 89045 | Tomb:2   | Reached skill level 25 in Unarmed Combat
 89187 | Tomb:3   | Noticed Khufu
 89208 | Tomb:3   | Noticed an ancient lich
 89212 | Tomb:3   | Noticed an ancient lich
 89322 | Tomb:2   | Received a gift from Okawaru
 89342 | Tomb:3   | Noticed an ancient lich
 89447 | Tomb:2   | Killed an ancient lich
 89562 | Tomb:2   | Killed Khufu
 89595 | Tomb:2   | Killed an ancient lich
 89872 | Tomb:2   | Killed an ancient lich
 90059 | Tomb:2   | Reached skill level 26 in Unarmed Combat
 90412 | Tomb:3   | Got a golden rune of Zot
 90684 | Tomb:3   | Got a coiled sapphire amulet
 90737 | Tomb:3   | Identified the amulet "Etiteh" {Clar rPois Int+5 Dex+2} (You found it on level 3 of the Tomb of the Ancients)
 90844 | Tomb:3   | Identified the Incunabulum of Creative Orientation
 90848 | Tomb:3   | Learned a level 2 spell: Blink
 90976 | Tomb:3   | Received a gift from Okawaru
 91902 | Lair:1   | Lost mutation: Your spells are a little easier to cast, but a little less powerful. [potion of cure mutation]
 91902 | Lair:1   | Lost mutation: You are clumsy. (Dex -2) [potion of cure mutation]
 91902 | Lair:1   | Lost mutation: Your body is slowly deteriorating. [potion of cure mutation]
 91903 | Lair:1   | Lost mutation: Your system is resistant to poisons. [potion of cure mutation]
 91903 | Lair:1   | Lost mutation: You are weak. (Str -2) [potion of cure mutation]
 91903 | Lair:1   | Lost mutation: You are frail (-10% HP). [potion of cure mutation]
 91906 | Lair:1   | Gained mutation: You possess an exceptional clarity of mind. [potion of beneficial mutation]
 92394 | Zot:1    | Entered Level 1 of the Realm of Zot
 94823 | Zot:3    | Received a gift from Okawaru
 95746 | Zot:4    | Received a gift from Okawaru
 96390 | Zot:4    | Got a transparent helmet
 96391 | Zot:4    | Identified the +2 helmet of Henotheism {+Fly Int+2 SInv} (You found it on level 4 of the Realm of Zot)
 96838 | Zot:5    | Entered Level 5 of the Realm of Zot
 96892 | Zot:5    | Received a gift from Okawaru
 98054 | Vaults:5 | Entered Level 5 of the Vaults
 98241 | Vaults:5 | Received a gift from Okawaru
 98821 | Vaults:5 | Noticed an ancient lich
 98821 | Vaults:5 | Noticed Frederick
 98855 | Vaults:5 | Killed an ancient lich
 98874 | Vaults:5 | Killed Frederick
 98874 | Vaults:5 | Received a gift from Okawaru
 99005 | Vaults:5 | Got a coiled sapphire amulet
 99007 | Vaults:5 | Identified the amulet "Fryhomiq" {Gourm rF+ rC- Dex+4 Slay-5} (You took it off a fire giant on level 5 of the Vaults)
 99080 | Vaults:5 | Noticed an ancient lich
 99101 | Vaults:5 | Killed an ancient lich
 99171 | Vaults:5 | Identified Qerugush's Compendium of Helpful Hexes
 99340 | Vaults:5 | Received a gift from Okawaru
 99658 | Vaults:5 | Got a silver rune of Zot
 99978 | Vaults:5 | Identified the Catalogue of Blows and Bruises
100288 | Vaults:5 | Noticed an ancient lich
100314 | Vaults:5 | Killed an ancient lich
100442 | Vaults:5 | Received a gift from Okawaru
100739 | Vaults:5 | Identified the Tome of Beguiling and Battle Magic (You found it on level 5 of the Vaults)
101592 | Hell     | Entered the Vestibule of Hell
101592 | Hell     | Noticed Geryon
101718 | Hell     | Killed Geryon
102001 | Hell     | Found a gateway to the Iron City of Dis.
102048 | Hell     | Found a gateway to the ashen valley of Gehenna.
102264 | Hell     | Found a gateway to the decaying netherworld of Tartarus.
102396 | Hell     | Found a gateway to the freezing wastes of Cocytus.
102479 | Hell     | Received a gift from Okawaru
102480 | Hell     | Got a shadowed robe {god gift}
102491 | Hell     | Identified the +0 robe of the Grue {rElec SInv} (Okawaru gifted it to you in the Vestibule of Hell)
102582 | Coc:1    | Entered Level 1 of Cocytus
103237 | Coc:4    | Gained mutation: You are surrounded by a mild repulsion field (EV +2). [mutagenic glow]
103263 | Coc:4    | Gained mutation: You are covered in thick fur (AC +2). [mutagenic glow]
103306 | Coc:4    | Gained mutation: You have difficulty communicating with the divine. [mutagenic glow]
103486 | Coc:7    | Entered Level 7 of Cocytus
104009 | Coc:7    | Reached skill level 15 in Stealth
104709 | Coc:7    | Received a gift from Okawaru
104735 | Coc:7    | Got a bloodstained robe {god gift}
104876 | Coc:7    | Got a twitching ivory ring
105192 | Coc:7    | Noticed an ancient lich
105203 | Coc:7    | Killed an ancient lich
105227 | Coc:7    | Noticed Antaeus
105307 | Coc:7    | Identified the ring "Qeyf" {rF++ rC+ Dex-3} (You found it on level 7 of Cocytus)
105637 | Coc:7    | Killed Antaeus
105663 | Coc:7    | Got an icy rune of Zot
106226 | Hell     | Identified the +2 robe of the Devil {MR- rCorr Str+4 Dex+3} (Okawaru gifted it to you on level 7 of Cocytus)
106277 | Geh:1    | Entered Level 1 of Gehenna
107734 | Geh:7    | Entered Level 7 of Gehenna
108109 | Geh:7    | Received a gift from Okawaru
109228 | Geh:7    | Got a pitted troll leather armour
109239 | Geh:7    | Identified the cursed -5 troll leather armour of Ojith {rC- Regen+ rCorr Int+2} (You found it on level 7 of Gehenna)
109284 | Geh:7    | Identified Sif Muna's Compendium of Confrontation
109357 | Geh:7    | Noticed Asmodeus
109381 | Geh:7    | Killed Asmodeus
109390 | Geh:7    | Got an obsidian rune of Zot
109579 | Dis:1    | Entered Level 1 of the Iron City of Dis
110664 | Dis:3    | Received a gift from Okawaru
111156 | Dis:7    | Entered Level 7 of the Iron City of Dis
111200 | Dis:7    | Identified a +2 rod of ignition (12/12) (You found it on level 7 of the Iron City of Dis)
111328 | Dis:7    | Killed from afar by a Hell Sentinel

Action                   |  1- 3 |  4- 6 |  7- 9 | 10-12 | 13-15 | 16-18 | 19-21 | 22-24 | 25-27 || total
-------------------------+-------+-------+-------+-------+-------+-------+-------+-------+-------++-------
Melee: Unarmed           |    95 |   163 |   362 |   693 |  1869 |  1362 |  1810 |  2297 |  5895 || 14546
       Great mace        |       |       |       |     1 |       |       |       |       |       ||     1
 Fire: Hunting sling     |       |       |     7 |    10 |       |       |       |       |       ||    17
       Blowgun           |       |       |       |     2 |       |       |       |       |       ||     2
       Arbalest          |       |       |       |       |     5 |       |       |       |       ||     5
Throw: Stone             |     5 |     1 |       |       |       |       |       |       |       ||     6
       Tomahawk          |       |    14 |    86 |   120 |    47 |       |       |       |       ||   267
       Javelin           |       |       |       |    22 |   200 |   101 |    20 |       |       ||   343
       Large rock        |       |       |       |       |    37 |   198 |   107 |   143 |   160 ||   645
 Cast: Beastly Appendage |       |     1 |       |    12 |     7 |       |       |     1 |    19 ||    40
       Apportation       |       |       |       |       |       |       |       |       |     1 ||     1
Invok: Heroism           |       |     1 |     8 |    26 |    43 |    37 |    27 |    23 |    68 ||   233
       Finesse           |       |       |       |     3 |     6 |     2 |       |       |     5 ||    16
 Abil: Evoke Flight      |       |       |       |       |       |       |       |     3 |     9 ||    12
       Stop Flying       |       |       |       |       |       |       |       |     2 |     1 ||     3
Evoke: Wand              |       |       |       |     6 |     4 |    14 |     7 |     2 |    34 ||    67
  Use: Scroll            |     5 |     2 |     5 |     4 |    14 |    12 |    19 |    15 |    33 ||   109
       Potion            |       |     1 |     6 |     5 |       |     9 |     2 |     1 |    27 ||    51
 Stab: Sleeping          |       |       |     1 |     3 |     6 |       |     6 |    14 |    45 ||    75
       Fleeing           |       |       |       |     1 |       |       |       |       |       ||     1
       Distracted        |       |       |       |       |     2 |     5 |     3 |     4 |    29 ||    43
       Invisible         |       |       |       |       |       |       |       |       |     1 ||     1
  Eat: Chunk             |    18 |    15 |    31 |    87 |   158 |   115 |   121 |   121 |   229 ||   895
       Meat ration       |       |       |       |     1 |       |       |     1 |     3 |    18 ||    23
       Bread ration      |       |       |       |       |       |       |       |     1 |     3 ||     4
       Royal jelly       |       |       |       |       |       |       |       |     1 |       ||     1
       Fruit             |       |       |       |       |       |       |       |     4 |       ||     4
       Beef jerky        |       |       |       |       |       |       |       |       |     2 ||     2
